 Dungeon Crawl Stone Soup version 0.31-a0-216-g22e908daa7 (webtiles) character file.

Game seed: 12281237287156183632

42 qw the Chopper (level 3, 0/23 HPs)
             Began as a Gargoyle Fighter on July 1, 2023.
             Slain by a kobold
             ... wielding a +3 short sword of venom
              (1 damage)
             ... on level 2 of the Dungeon.
             The game lasted 00:00:37 (1429 turns).

qw the Chopper (Gargoyle Fighter)                   Turns: 1429, Time: 00:00:37

Health: 0/23       AC: 10    Str: 21    XL:     3   Next: 54%
Magic:  3/3        EV:  9    Int:  8    God:
Gold:   88         SH:  4    Dex:  9    Spells: 2/2 levels left

rFire   . . .        Y - +0 war axe
rCold   + . .        c - +0 buckler
rNeg    + . .        b - +0 scale mail
rPois   inf          (no helmet)
rElec   +            (no cloak)
rCorr   .            (no gloves)
SInv    .            (no boots)
Will    .....        (no amulet) Stlth
                     g - ring of protection from cold
HPRegen 0.23/turn    (no ring)
MPRegen 0.08/turn

%: no passive effects
@: no status effects
A: sickness immunity, AC +3, negative energy resistance 1, electricity
resistance, torment resistance 1, petrification resistance
a: no special abilities


You were on level 2 of the Dungeon.
You visited 1 branch of the dungeon, and saw 2 of its levels.

You collected 88 gold pieces.


Innate Abilities, Weirdness & Mutations

You are immune to sickness and miasma.
Your stone body is resilient. (AC +3)
You are immune to poison.
You resist negative energy. (rN+)
You are resistant to electric shocks. (rElec)
You are resistant to unholy torment.
You are immune to petrification.


   Skills:
 - Level 3.2 Fighting
 + Level 3.4 Axes
 - Level 3.2 Armour
 - Level 3.2 Shields


You had 2 spell levels left.
You didn't know any spells.
Your spell library was empty.

Inventory:

Hand Weapons
 n - a +0 mace
 Y - a +0 war axe (weapon)
Armour
 a - a +0 helmet
 b - a +0 scale mail (worn)
 c - a +0 buckler (worn)
 e - the +2 pair of gloves of Daisies {rN+ Str+3}
   (You found it on level 2 of the Dungeon)

   Str:       It affects your strength (+3).
   rN:        It protects you from negative energy.
Jewellery
 g - a ring of protection from cold (left hand)
 i - the amulet "Qinuoc" {rPois rF++ Regen+ MP+9 Dex+3}
   (You found it on level 2 of the Dungeon)

   [amulet of regeneration]

   Dex:       It affects your dexterity (+3).
   rF:        It greatly protects you from fire.
   rPois:     It protects you from poison.
   MP:        It affects your magic capacity (+9).
   Regen:     It increases your rate of health regeneration.
Scrolls
 f - a scroll of silence {unknown}
 k - 2 scrolls of noise {unknown}
 l - a scroll of poison {unknown}
 m - a scroll of fog {unknown}
Potions
 d - a potion of might
 h - a potion of curing {unknown}

Dungeon Overview and Level Annotations

Branches:
Dungeon (2/15)

Altars:

Annotations:
D:2 Jessica


Message History

Jessica hits you with a +0 dagger. Jessica hits you but does no damage.
You closely miss Jessica. Jessica hits you with a +0 dagger.
You slash Jessica!
Jessica is almost dead.
Jessica hits you with a +0 dagger.
You hit Jessica but do no damage.
Jessica is almost dead.
Jessica mumbles some strange words.
Jessica blinks!
The kobold throws a stone.
The stone hits you but does no damage.
Jessica mumbles some strange words.
Jessica seems to speed up.
The kobold throws a stone.
You block the stone.
Found 12 gold pieces.
Jessica gestures wildly while chanting.
Jessica blinks!
The kobold hits you with a +3 short sword of venom.
You see here a bat corpse.
Enter note:
Enter note:
Enter note:
Enter note:
Enter note:
Enter note:
Enter note:
Enter note:
Enter note:
Enter note:
Enter note:
Enter note: You barely miss the kobold.
The kobold hits you with a +3 short sword of venom.
You hit the kobold.
The kobold is moderately wounded.
You block the kobold's attack. The kobold closely misses you.
You closely miss the kobold.
The kobold is moderately wounded.
Jessica hits you with a +0 dagger.
The kobold hits you with a +3 short sword of venom.
You die...

#############
.......##...##
#...###.########
#####..## ##@K.....$
#......# #@##..###
.###.###..## #.# #
...........##....
####.###.#....##.
...............##.# #
...##.###.##....[.##.#
...... #.# ..##.:...
..... #.##+.##.##.# #


You could see Jessica (fast) and a kobold.

Vanquished Creatures
  An adder (D:2)
  2 worms (D:2)
  A dart slug (D:1)
  2 ball pythons
  4 bats
  2 endoplasms (D:1)
  A goblin (D:1)
  2 hobgoblins
  4 quokkas (D:1)
  A frilled lizard (D:2)
  3 kobolds (D:2)
  2 rats
25 creatures vanquished.

Notes
Turn   | Place    | Note
-------+----------+-------------------------------------------
     0 | D:1      | qw the Gargoyle Fighter began the quest for the Orb.
     0 | D:1      | Reached XP level 1. HP: 14/14 MP: 1/1
     0 | D:1      | 0 ||| qw: Version: 0.3-a-35-g05ef00e
     0 | D:1      | 0 ||| qw: Game counter: 7759
     0 | D:1      | 0 ||| qw: Melee chars always use a shield: true
     0 | D:1      | 0 ||| qw: God list: Okawaru
     0 | D:1      | 0 ||| qw: Allow faded altars: false
     0 | D:1      | 0 ||| qw: Do Orc after clearing Dungeon:15 true
     0 | D:1      | 0 ||| qw: Do second Lair branch before Depths: true
     0 | D:1      | 0 ||| qw: Lair rune preference: random
     0 | D:1      | 0 ||| qw: Goals: Normal, Zot:1-4, Slime:5, God:TSO, Crypt,
                  | Tomb, Abyss, Pan, Hells, Win
     0 | D:1      | 0 ||| PLANNING D:1-11
   193 | D:1      | Reached XP level 2. HP: 19/19 MP: 2/2
   368 | D:1      | 368 ||| FLEEEEING.
   394 | D:1      | 394 ||| Stepping ~*~*~tactically~*~*~ (hiding).
   556 | D:1      | Found a faded altar of an unknown god.
   696 | D:1      | 696 ||| UPGRADING to ring of protection from cold.
   697 | D:1      | 697 ||| READING scroll labelled URYUMA XEIF.
   701 | D:1      | 701 ||| READING scroll labelled JUIFAI HIUCUTE.
   702 | D:1      | 702 ||| READING scroll labelled IDDALLEUJI.
   740 | D:2      | Reached skill level 3 in Axes
   740 | D:2      | Reached XP level 3. HP: 23/23 MP: 3/3
   952 | D:2      | Identified the +2 pair of gloves of Daisies {rN+ Str+3}
   974 | D:2      | Identified the amulet "Qinuoc" {rPois rF++ Regen+ MP+9
                  | Dex+3}
  1200 | D:2      | 1200 ||| Stepping ~*~*~tactically~*~*~ (stealth).
  1201 | D:2      | 1201 ||| Stepping ~*~*~tactically~*~*~ (stealth).
  1239 | D:2      | 1239 ||| DROPPING +0 club.
  1417 | D:2      | Noticed Jessica
  1418 | D:2      | 1418 ||| Stepping ~*~*~tactically~*~*~ (hiding).
  1427 | D:2      | HP: 3/23 [kobold/+3 short sword of venom (6)]
  1429 | D:2      | HP: 1/23 [Jessica/+0 dagger (3)]
  1429 | D:2      | Slain by a kobold

Levels and vault maps discovered:
D:1:      dpeg_arrival_arbitrary_b, layout_basic,
          shapermc_ecumenical_altar_notcrosses, minivault_24
D:2:      layout_loops_corners, minmay_tetromino_o4, uniq_jessica

Skill      XL: |  1  2 |
---------------+-------+-----
Axes           | 2 3 |  3.4
Fighting       | |  3.2
Armour         | |  3.2
Shields        | |  3.2

Action                     || total
---------------------------++-------
  Melee: War axe           ||    80
    Use: Scroll            ||     3
 Armour: Scale mail        ||    29
  Dodge: Dodged            ||    25
  Block: Buckler           ||    19

Table legend:
 A = Non-vault XP
 B = Vault XP
 C = Vault XP percentage of total XP
 D = Non-vault monster count
 E = Vault monster count
 F = Vault count percentage of total count
                 A         B        C        D         E       F
            +---------+---------+-------+---------+---------+-------
      Total |      57 |       3 |   5.0 |      22 |       3 |  12.0
            +---------+---------+-------+---------+---------+-------
        D:1 |      26 |       0 |   0.0 |      13 |       0 |   0.0
        D:2 |      31 |       3 |   8.8 |       9 |       3 |  25.0
            +---------+---------+-------+---------+---------+-------
